 Dungeon Crawl Stone Soup version 0.30-a0-1066-g63dfefce0d (webtiles) character file.

Game seed: 5664519045858870572

127 GigaChad the Conjurer (level 4, -1/24 HPs)
             Began as a Deep Elf Conjurer on Apr 12, 2023.
             Succumbed to a scorpion's poison
             ... on level 3 of the Dungeon.
             The game lasted 00:04:35 (2907 turns).

GigaChad the Conjurer (Deep Elf Conjurer)           Turns: 2907, Time: 00:04:36

Health: -1/24      AC:  2    Str:  4    XL:     4   Next: 85%
Magic:  10/12      EV: 12    Int: 25    God:
Gold:   149        SH:  0    Dex: 13    Spells: 5/11 levels left

rFire   . . .      SeeInvis .    n - +2 dagger (vamp)
rCold   . . .      Faith    .    (no shield)
rNeg    . . .      Spirit   .    a - +0 robe
rPois   .          Reflect  .    (no helmet)
rElec   .          Rampage  .    (no cloak)
rCorr   .                        (no gloves)
Will    .....                    (no boots)
Stlth   ++                       (no amulet)
HPRegen 0.24/turn                (no ring)
MPRegen 0.13/turn                (no ring)

@: lethally poisoned (-1 -> -9)
A: no striking features
a: no special abilities


You were on level 3 of the Dungeon.
You visited 1 branch of the dungeon, and saw 4 of its levels.

You collected 149 gold pieces.

Inventory:

Hand Weapons
 e - a +0 dagger
 j - a +0 short sword
 n - a +2 vampiric dagger (weapon)
Armour
 a - a +0 robe (worn)
Scrolls
 d - 3 scrolls of poison
 f - 2 scrolls of blinking
 g - 2 scrolls of identify
 i - a scroll of vulnerability
 l - a scroll of teleportation
 o - a scroll of magic mapping {unknown}
Potions
 b - a potion of magic
 c - a potion of invisibility {unknown}
 k - 2 potions of attraction {unknown}
 m - a potion of flight {unknown}


   Skills:
 + Level 2.6 Dodging
 + Level 2.7 Stealth
 + Level 4.4 Spellcasting
 + Level 5.8 Conjurations
 * Level 1.5 Hexes


You had 5 spell levels left.
You knew the following spells:

 Your Spells              Type           Power      Damage    Failure   Level
a - Magic Dart            Conj           100%       1d8       1%          1
b - Dazzling Flash        Conj/Hex       48%        N/A       6%          3
c - Searing Ray           Conj           68%        2d6       1%          2

Your spell library contained the following spells:

 Spells                   Type           Power      Damage    Failure   Level
 Fulminant Prism          Conj/Hex       12%        3d9       19%         4
 Iskenderun's Mystic Bla  Conj/Tloc      20%        2d6       26%         4


Dungeon Overview and Level Annotations

Branches:
Dungeon (4/15)
 Temple: D:4-7

Altars:


Message History

You hit the scorpion.
The scorpion is severely wounded.
The scorpion stings you.
* * * LOW HITPOINT WARNING * * *
You hit the scorpion.
You feel better.
The scorpion is severely wounded.
The scorpion stings you.
* * * LOW HITPOINT WARNING * * *
You are lethally poisoned!
The scorpion poisons you!
You feel better. The scorpion closely misses you.
The scorpion barely misses you.
You climb upwards.
There is a stone staircase leading down here.
You hit the scorpion.
You feel better.
The scorpion is almost dead.
The scorpion closely misses you. The scorpion completely misses you.
You hit the scorpion but do no damage.
The scorpion is almost dead.
The scorpion barely misses you.
You barely miss the scorpion.
The scorpion is almost dead.
The scorpion stings you.
You hit the scorpion but do no damage.
The scorpion is almost dead.
The scorpion stings you.
* * * LOW HITPOINT WARNING * * *
You hit the scorpion but do no damage.
The scorpion is almost dead.
The scorpion stings you.
* * * LOW HITPOINT WARNING * * *
You hit the scorpion but do no damage.
The scorpion is almost dead.
The scorpion barely misses you. The scorpion stings you.
* * * LOW HITPOINT WARNING * * *
You are lethally poisoned!
The scorpion poisons you!
You barely miss the scorpion.
The scorpion is almost dead.
You die...

....###.........#.########.....##
....# ##...............# #.....#
##### #.#.######.####.###.....##
########.............#.##..<...'.
#....................#.##......##
#...............<)...#.##......#
#.........###†.......#.##......#
+...).....†..........#.##......##
#.......)......s@....#......)....
#...................######....###
#...................# #....###
####................# #......#
#................# #).....#
#..†......######## #......#
#.........# #......# #......####
#......# ######## #......#


You could see a scorpion.

Vanquished Creatures
  3 adders
  3 gnolls (D:3)
  4 worms
  A dart slug (D:3)
  5 ball pythons
  6 bats
  2 endoplasms
  5 giant cockroaches
  9 goblins
  5 hobgoblins
  2 kobolds
  2 quokkas
  2 frilled lizards
  6 rats
55 creatures vanquished.

Notes
Turn   | Place    | Note
-------+----------+-------------------------------------------
     0 | D:1      | GigaChad the Deep Elf Conjurer began the quest for the Orb.
     0 | D:1      | Reached XP level 1. HP: 10/10 MP: 6/6
   459 | D:1      | Reached XP level 2. HP: 15/15 MP: 6/8
   828 | D:1      | Reached skill level 5 in Conjurations
   940 | D:2      | Found a faded altar of an unknown god.
  1208 | D:2      | Reached XP level 3. HP: 19/19 MP: 7/9
  1665 | D:2      | Identified the +4 quarterstaff of Temperance {heavy, rN++
                  | Will- MP-9 Stlth+}
  1672 | D:2      | Learned a level 3 spell: Dazzling Flash
  1675 | D:2      | Learned a level 2 spell: Searing Ray
  2098 | D:3      | Reached XP level 4. HP: 24/24 MP: 5/11
  2458 | D:3      | Reached skill level 1 in Hexes
  2887 | D:4      | Noticed a scorpion
  2893 | D:4      | HP: 1/24 [poisoned by a scorpion]
  2906 | D:3      | HP: 1/24 [scorpion (5)]
  2907 | D:3      | Succumbed to a scorpion's poison

Illustrated notes

Levels and vault maps discovered:
D:1:      lemuel_arrival_river_bridge, layout_loops_cross
D:2:      layout_loops_ring, nicolae_ecumenical_oubliette, hex_tiny
D:3:      layout_basic, serial_park_tiny_1
D:4:      layout_loops_corners, temple_doors_e, grunt_ministairs_4,
          minivault_11, minmay_hedge_maze, minmay_goblin_kobold_house,
          uniq_eustachio

Skill      XL: |  1  2  3  4 |
---------------+-------------+-----
Conjurations   | 5 |  5.8
Spellcasting   | 4 |  4.4
Hexes          | 1 |  1.5
Dodging        | |  2.6
Stealth        | |  2.7

Action                     |  1- 3 |  4- 6 || total
---------------------------+-------+-------++-------
  Melee: Short sword       |     2 |       ||     2
         Dagger            |       |    12 ||    12
   Cast: Magic Dart        |    80 |    47 ||   127
         Searing Ray       |     1 |       ||     1
    Use: Scroll            |     6 |       ||     6
         Potion            |       |     2 ||     2
 Armour: Robe              |     7 |     1 ||     8
  Dodge: Dodged            |     3 |    12 ||    15

Table legend: (Time is in decaauts)
 A = Elapsed time spent in this place.
 B = Non-inter-level travel time spent in this place.
 C = Inter-level travel time spent in this place.
 D = Time resting spent in this place.
 E = Time spent auto-exploring this place.
 F = Levels seen in this place.
 G = Mean time per level.
                   A        B        C        D        E       F      G
               +--------+--------+--------+--------+--------+-----+--------+
         Total |   2909 |   2843 |     66 |    138 |   2357 |   4 |  727.2 |
       Dungeon |   2909 |   2843 |     66 |    138 |   2357 |   4 |  727.2 |
               +--------+--------+--------+--------+--------+-----+--------+

Top non-repeatable levels by time:
     D:2: 965 daAuts
     D:1: 919 daAuts
     D:3: 868 daAuts
     D:4: 156 daAuts
